ABL
NORTH SYDNEY BEARS @ CRONULLA SHARKS
05/20/2022
 
TOP OF THE 1ST
North Sydney Bears batting - Pitching for Cronulla Sharks : RHP Alby Eames
Pitching: RHP Alby Eames
Batting: RHB Joel Brady 0-0: Ground out 5-3 (Groundball, 56, EV 86.3 MPH)
Batting: LHB Joey Guildford 0-0: Ball
1-0: Fly out, F8 (Flyball, 8RD, EV 94.4 MPH)
Batting: RHB Conrad Verberne 0-0: Swinging Strike
0-1: Foul Ball, location: 2F
0-2: Ball
1-2: Strikes out swinging
Top of the 1st over - 0 runs, 0 hits, 0 errors, 0 left on base; North Sydney 0 - Cronulla 0
BOTTOM OF THE 1ST
Cronulla Sharks batting - Pitching for North Sydney Bears : RHP Rafael Topp
Pitching: RHP Rafael Topp
Batting: LHB Nick Jeffcoate 0-0: Ball
1-0: Foul Ball, location: 2F
1-1: Foul Ball, location: 9LSF
1-2: Ground out U3 (Groundball, 3, EV 88.8 MPH)
Batting: RHB Sloan Windus 0-0: Ball
1-0: Called Strike
1-1: Ball
2-1: Ball
3-1: Called Strike
3-2: Foul Ball, location: 2F
3-2: SINGLE (Line Drive, 56D, EV 97.5 MPH)
Batting: RHB Asa Thatcher 0-0: Fly out, F8 (Flyball, 78M, EV 91.9 MPH)
Batting: LHB Bill Gower 0-0: Ball
Sloan Windus is caught stealing 2nd base 2-6
Bottom of the 1st over - 0 runs, 1 hit, 0 errors, 0 left on base; North Sydney 0 - Cronulla 0
TOP OF THE 2ND
North Sydney Bears batting - Pitching for Cronulla Sharks : RHP Alby Eames
Batting: LHB Jonathan Hoolahan 0-0: Foul Ball, location: 9LSF
0-1: Ball
1-1: Fly out, F7 (Flyball, 78D, EV 104.4 MPH)
Batting: RHB Noel Wakeling 0-0: Called Strike
0-1: Fly out, F8 (Flyball, 8LXD, EV 100.6 MPH)
Batting: LHB Trent Northam 0-0: Ground out 5-3 (Groundball, 56S, EV 87.5 MPH)
Top of the 2nd over - 0 runs, 0 hits, 0 errors, 0 left on base; North Sydney 0 - Cronulla 0
BOTTOM OF THE 2ND
Cronulla Sharks batting - Pitching for North Sydney Bears : RHP Rafael Topp
Batting: LHB Bill Gower 0-0: Ball
1-0: Foul Ball, location: 23F
1-1: Foul Ball, location: 3F
1-2: Ground out 4-3 (Groundball, 4, EV 106.9 MPH)
Batting: RHB Mark Ryan 0-0: Ball
1-0: Called Strike
1-1: Foul Ball, location: 3FF
1-2: Ball
2-2: Strikes out swinging, 2-3 out at first.
Batting: SHB Tony Alvarado 0-0: Ball
1-0: SINGLE (Groundball, 4MD, EV 102.5 MPH)
Batting: SHB Bruno Collick 0-0: Ball
1-0: Ball
2-0: Foul Ball, location: 3F
2-1: SINGLE (Groundball, 34D, EV 94.4 MPH)
Tony Alvarado to second
Runner from 2nd tries for 3rd, SAFE, no throw by RF
Batting: RHB Rhys Bloor 0-0: Ball
1-0: Fly out, F9 (Line Drive, 9LM, EV 99.4 MPH)
Bottom of the 2nd over - 0 runs, 2 hits, 0 errors, 2 left on base; North Sydney 0 - Cronulla 0
TOP OF THE 3RD
North Sydney Bears batting - Pitching for Cronulla Sharks : RHP Alby Eames
Batting: RHB Denzel Horsfall 0-0: Foul Ball, location: 2RF
0-1: Called Strike
0-2: Strikes out swinging
Batting: LHB Tommie Lovatt 0-0: Ball
1-0: Ball
2-0: Ball
3-0: Called Strike
3-1: Foul Ball, location: 23F
3-2: Base on Balls
Batting: SHB Rafael Topp 0-0: Bunted foul
0-1: Bunt missed!
0-2: Bunted foul, Strikeout!
Batting: RHB Joel Brady 0-0: Ball
1-0: Ball
2-0: Ground out 4-3 (Groundball, 34, EV 82.5 MPH)
Top of the 3rd over - 0 runs, 0 hits, 0 errors, 1 left on base; North Sydney 0 - Cronulla 0
BOTTOM OF THE 3RD
Cronulla Sharks batting - Pitching for North Sydney Bears : RHP Rafael Topp
Batting: RHB Alby Eames 0-0: Ball
1-0: Swinging Strike
1-1: Called Strike
1-2: Foul Ball, location: 2F
1-2: Strikes out looking
Batting: LHB Nick Jeffcoate 0-0: Called Strike
0-1: Foul Ball, location: 9LMF
0-2: Ball
1-2: Ball
2-2: Strikes out swinging
Batting: RHB Sloan Windus 0-0: Ground out 5-3 (Groundball, 5L, EV 90.6 MPH)
Bottom of the 3rd over - 0 runs, 0 hits, 0 errors, 0 left on base; North Sydney 0 - Cronulla 0
TOP OF THE 4TH
North Sydney Bears batting - Pitching for Cronulla Sharks : RHP Alby Eames
Batting: LHB Joey Guildford 0-0: Ball
1-0: Ball
2-0: Foul Ball, location: 2F
2-1: Fly out, F9 (Flyball, 9, EV 88.1 MPH)
Batting: RHB Conrad Verberne 0-0: Ground out 3-1 (Groundball, 13, EV 80.0 MPH)
Batting: LHB Jonathan Hoolahan 0-0: Ball
1-0: Called Strike
1-1: Foul Ball, location: 7LMF
1-2: Foul Ball, location: 7LSF
1-2: Strikes out swinging
Top of the 4th over - 0 runs, 0 hits, 0 errors, 0 left on base; North Sydney 0 - Cronulla 0
BOTTOM OF THE 4TH
Cronulla Sharks batting - Pitching for North Sydney Bears : RHP Rafael Topp
Batting: RHB Asa Thatcher 0-0: Ground out 6-3 (Groundball, 6, EV 86.9 MPH)
Batting: LHB Bill Gower 0-0: Foul Ball, location: 7LSF
0-1: Foul Ball, location: 2F
0-2: Foul Ball, location: 9LMF
0-2: Foul Ball, location: 7LSF
0-2: Ball
1-2: Ground out 4-3 (Groundball, 4S, EV 67.5 MPH)
Batting: RHB Mark Ryan 0-0: Ball
1-0: Ball
2-0: Ball
3-0: Base on Balls
Batting: SHB Tony Alvarado 0-0: Foul Ball, location: 2F
0-1: Ball
1-1: Ball
2-1: Foul Ball, location: 5FF
2-2: Ball
3-2: Foul Ball, location: 2F
3-2: Foul Ball, location: 3DF
3-2: Foul Ball, location: 2F
3-2: DOUBLE (Flyball, 8RXD, EV 97.5 MPH)
Mark Ryan to third
Mark Ryan scores
Batting: SHB Bruno Collick 0-0: Intentional Walk
Batting: RHB Rhys Bloor 0-0: Ball
1-0: Foul Ball, location: 2F
1-1: Ball
2-1: Foul Ball, location: 5FF
2-2: Ball
3-2: Foul Ball, location: 2F
3-2: Foul Ball, location: 2RF
3-2: Foul Ball, location: 2F
3-2: Fly out, F8 (Flyball, 78D, EV 95.0 MPH)
Bottom of the 4th over - 1 run, 1 hit, 0 errors, 2 left on base; North Sydney 0 - Cronulla 1
TOP OF THE 5TH
North Sydney Bears batting - Pitching for Cronulla Sharks : RHP Alby Eames
Batting: RHB Noel Wakeling 0-0: Ball
1-0: Ball
2-0: SINGLE (Groundball, 6S, EV 71.9 MPH) (infield hit)
Batting: LHB Trent Northam 0-0: Called Strike
0-1: Ball
1-1: Ball
2-1: Ball
3-1: Base on Balls
Noel Wakeling to second
Batting: RHB Denzel Horsfall 0-0: Called Strike
0-1: Ball
1-1: Foul Ball, location: 2F
1-2: Foul Ball, location: 2F
1-2: Ball
2-2: Ball
3-2: Strikes out swinging
Batting: LHB Tommie Lovatt 0-0: Called Strike
0-1: Swinging Strike
0-2: Ball
1-2: Ball
2-2: Fielders Choice at 2nd, 4-6 (Groundball, 4, EV 80.6 MPH)
Noel Wakeling to third
Pinch Hitting: RHB Wayne Morrison 0-0: Swinging Strike
0-1: Ball
1-1: Foul Ball, location: 3F
1-2: Fly out, F9 (Flyball, 9S, EV 92.5 MPH)
Top of the 5th over - 0 runs, 1 hit, 0 errors, 2 left on base; North Sydney 0 - Cronulla 1
BOTTOM OF THE 5TH
Cronulla Sharks batting - Pitching for North Sydney Bears : RHP Rafael Topp
Pitching: LHP Ray Keeling
Batting: RHB Alby Eames 0-0: Called Strike
0-1: Called Strike
0-2: Ball
1-2: Strikes out looking
Batting: LHB Nick Jeffcoate 0-0: Ball
1-0: Ball
2-0: Ball
3-0: Called Strike
3-1: SINGLE (Line Drive, 3D, EV 100.6 MPH)
Batting: RHB Sloan Windus 0-0: Ball
Nick Jeffcoate is caught stealing 2nd base 2-4
1-0: Swinging Strike
1-1: Foul Ball, location: 2F
1-2: Ball
2-2: Strikes out swinging
Bottom of the 5th over - 0 runs, 1 hit, 0 errors, 0 left on base; North Sydney 0 - Cronulla 1
TOP OF THE 6TH
North Sydney Bears batting - Pitching for Cronulla Sharks : RHP Alby Eames
Batting: RHB Joel Brady 0-0: Called Strike
0-1: Ball
1-1: Ground out 5-3 (Groundball, 56S, EV 70.0 MPH)
Batting: LHB Joey Guildford 0-0: Ground out 4-3 (Groundball, 4D, EV 106.9 MPH)
Batting: RHB Conrad Verberne 0-0: Fly out, F8 (Flyball, 8LXD, EV 98.8 MPH)
Top of the 6th over - 0 runs, 0 hits, 0 errors, 0 left on base; North Sydney 0 - Cronulla 1
BOTTOM OF THE 6TH
Cronulla Sharks batting - Pitching for North Sydney Bears : LHP Ray Keeling
Batting: RHB Asa Thatcher 0-0: Called Strike
0-1: Ball
1-1: Ball
2-1: Ball
3-1: Foul Ball, location: 25F
3-2: Foul Ball, location: 9LSF
3-2: Base on Balls
Batting: LHB Bill Gower 0-0: Foul Ball, location: 5FF
0-1: Fielders Choice at 2nd, 3-6 (Groundball, 3, EV 81.3 MPH)
Batting: RHB Mark Ryan 0-0: Called Strike
0-1: TRIPLE (Flyball, 78XD, EV 107.5 MPH)
Bill Gower scores
Batting: SHB Tony Alvarado 0-0: Intentional Walk
Batting: SHB Bruno Collick 0-0: Ball
1-0: Called Strike
1-1: Swinging Strike
1-2: Ball
2-2: Fly out, F8 (Flyball, 78S, EV 81.9 MPH)
Batting: RHB Rhys Bloor 0-0: Foul Ball, location: 3F
0-1: Swinging Strike
0-2: Foul Ball, location: 23FF
0-2: Strikes out swinging
Bottom of the 6th over - 1 run, 1 hit, 0 errors, 2 left on base; North Sydney 0 - Cronulla 2
TOP OF THE 7TH
North Sydney Bears batting - Pitching for Cronulla Sharks : RHP Alby Eames
Batting: LHB Jonathan Hoolahan 0-0: Ball
1-0: Ball
2-0: Foul Ball, location: 9LDF
2-1: Ground out 3-1 (Groundball, 34, EV 100.0 MPH)
Batting: RHB Noel Wakeling 0-0: DOUBLE (Flyball, 78D, EV 105.6 MPH)
Batting: LHB Trent Northam 0-0: Swinging Strike
0-1: Called Strike
0-2: Ground out 4-3 (Groundball, 34, EV 94.4 MPH)
Noel Wakeling to third
Pinch Hitting: SHB Matt Badeley 0-0: Ground out 5-3 (Groundball, 56S, EV 98.1 MPH)
Top of the 7th over - 0 runs, 1 hit, 0 errors, 1 left on base; North Sydney 0 - Cronulla 2
BOTTOM OF THE 7TH
Cronulla Sharks batting - Pitching for North Sydney Bears : LHP Ray Keeling
Now at 2B: Joey Guildford
Now in CF: Matt Badeley
Batting: RHB Alby Eames 0-0: Called Strike
0-1: Swinging Strike
0-2: Foul Ball, location: 2F
0-2: Ball
1-2: Ball
2-2: Foul Ball, location: 2RF
2-2: Ball
3-2: Ground out 5-3 (Groundball, 56S, EV 80.6 MPH)
Pitching: RHP O.P. Milk
Batting: LHB Nick Jeffcoate 0-0: Ball
1-0: Called Strike
1-1: Swinging Strike
1-2: Foul Ball, location: 7LDF
1-2: Ground out 4-3 (Groundball, 4, EV 86.9 MPH)
Batting: RHB Sloan Windus 0-0: Called Strike
0-1: Fly out, F8 (Flyball, 8LD, EV 84.4 MPH)
Bottom of the 7th over - 0 runs, 0 hits, 0 errors, 0 left on base; North Sydney 0 - Cronulla 2
TOP OF THE 8TH
North Sydney Bears batting - Pitching for Cronulla Sharks : RHP Alby Eames
Pitching: RHP Coltyn Beardsley
Batting: LHB Tommie Lovatt 0-0: Ball
1-0: Swinging Strike
1-1: Swinging Strike
1-2: Foul Ball, location: 2F
1-2: Ball
2-2: Fly out, F8 (Flyball, 8LM, EV 98.1 MPH)
Pinch Hitting: SHB Tas Monroe 0-0: Called Strike
0-1: Called Strike
0-2: Ball
1-2: Ball
2-2: Strikes out swinging
Batting: RHB Joel Brady 0-0: Ball
1-0: Ball
2-0: Ball
3-0: Called Strike
3-1: SINGLE (Line Drive, 7S, EV 91.3 MPH)
Batting: LHB Joey Guildford 0-0: Swinging Strike
0-1: Ball
1-1: Called Strike
1-2: Foul Ball, location: 3FF
1-2: Fly out, F6 (Popup, 4M, EV 49.4 MPH)
Top of the 8th over - 0 runs, 1 hit, 0 errors, 1 left on base; North Sydney 0 - Cronulla 2
BOTTOM OF THE 8TH
Cronulla Sharks batting - Pitching for North Sydney Bears : RHP O.P. Milk
Pitching: RHP Tim Barke
Batting: RHB Asa Thatcher 0-0: Ball
1-0: Foul Ball, location: 7LMF
1-1: Ball
2-1: Foul Ball, location: 9LMF
2-2: Foul Ball, location: 9LSFF
2-2: Ball
3-2: Ground out 1-3 (Groundball, 23, EV 67.5 MPH)
Batting: LHB Bill Gower 0-0: Ball
1-0: Ball
2-0: Foul Ball, location: 5SF
2-1: Fly out, F9 (Flyball, 89S, EV 96.9 MPH)
Batting: RHB Mark Ryan 0-0: Called Strike
0-1: Foul Ball, location: 2F
0-2: Strikes out swinging
Bottom of the 8th over - 0 runs, 0 hits, 0 errors, 0 left on base; North Sydney 0 - Cronulla 2
TOP OF THE 9TH
North Sydney Bears batting - Pitching for Cronulla Sharks : RHP Coltyn Beardsley
Batting: RHB Conrad Verberne 0-0: Foul Ball, location: 7LMF
0-1: Ball
1-1: Ball
2-1: Called Strike
2-2: Ball
3-2: Foul Ball, location: 3FF
3-2: SOLO HOME RUN (Flyball, 78XD, EV 102.5 MPH), Distance : 424 ft
Pitching: RHP Eric Jolly
Now in LF: Mark Ryan
Now in RF: Kirby Penfold
Batting: LHB Jonathan Hoolahan 0-0: Foul Ball, location: 3DF
0-1: Ball
1-1: Swinging Strike
1-2: Ball
2-2: Ball
3-2: Foul Ball, location: 9LDF
3-2: Foul Ball, location: 9LMFF
3-2: Base on Balls
Batting: RHB Noel Wakeling 0-0: Called Strike
0-1: Foul Ball, location: 9LDF
0-2: Foul Ball, location: 2F
0-2: Strikes out swinging
Batting: LHB Trent Northam 0-0: Ball
1-0: Fly out, F5 (Popup, 5SF, EV 80.0 MPH)
Batting: SHB Matt Badeley 0-0: Called Strike
0-1: Ball
1-1: Ball
2-1: Fly out, F9 (Flyball, 8RM, EV 91.9 MPH)
Top of the 9th over - 1 run, 1 hit, 0 errors, 1 left on base; North Sydney 1 - Cronulla 2
Saturday, May 4th , 2024 - OOTP Baseball 24.9 Build 80